 Dungeon Crawl Stone Soup version 0.17.1-1-g73c8601 (webtiles) character file.

578 Implojin the Grappler (level 7, 0/68 HPs)
             Began as a Troll Monk on Apr 5, 2016.
             Was a Believer of Okawaru.
             Slain by a cyclops (32 damage)
             ... on level 7 of the Dungeon.
             The game lasted 00:04:59 (962 turns).

Implojin the Grappler (Troll Monk)                   Turns: 962, Time: 00:05:00

Health: 0/68       AC:  6    Str: 20    XL:     7   Next: 13%
Magic:  4/6        EV: 14    Int:  6    God:    Okawaru [**....]
Gold:   51         SH:  0    Dex: 14    Spells: 0 memorised, 6 levels left

rFire  . . .     SeeInvis .       - Unarmed
rCold  . . .     Clarity  .     a - +0 robe
rNeg   . . .     SustAt   .     (no shield)
rPois  +         Gourm    +     (helmet restricted)
rElec  .         Spirit   .     (no cloak)
rCorr  .         Warding  .     (gloves unavailable)
rMut   .         Stasis   .     (boots unavailable)
MR     .....                    (no amulet)
Stlth  ++........               m - +1 ring of protection
                                g - ring of poison resistance

@: heroism, not resistant to hostile enchantments, unstealthy
A: unfitting armour, claws 3, fast metabolism 3, gourmand, regeneration 2,
shaggy fur 1, tough skin 2
a: Heroism, Renounce Religion


You were on level 7 of the Dungeon.
You worshipped Okawaru.
Okawaru was pleased with you.
You were very full.

You visited 1 branch of the dungeon, and saw 7 of its levels.

You collected 51 gold pieces.

Inventory:

Armour
 a - a +0 robe (worn)
 u - a +0 shield
Jewellery
 g - a ring of poison resistance (left claw)
 m - a +1 ring of protection (right claw)
Scrolls
 c - a scroll of blinking {unknown}
 d - a scroll of teleportation {unknown}
 i - a scroll of enchant weapon {unknown}
 k - 3 scrolls of amnesia {unknown}
 l - a scroll of recharging {unknown}
 o - 5 scrolls of identify {unknown}
 p - a scroll of remove curse {unknown}
 q - a scroll of holy word {unknown}
Potions
 e - 3 potions of degeneration {unknown}
 h - 2 potions of poison {unknown}
 j - a potion of heal wounds
 s - a potion of invisibility {unknown}
Comestibles
 b - 2 bread rations
 f - 3 meat rations
 r - a chunk of flesh
 t - a slice of pizza


   Skills:
 * Level 3.6(8.6) Fighting
 - Level 2.4(7.4) Dodging
 - Level 1.1(6.1) Stealth
 - Level 8.0(13.0) Unarmed Combat


You had 6 spell levels left.
You didn't know any spells.

Dungeon Overview and Level Annotations

Branches:
Dungeon (7/15)             Temple (0/1) D:7

Altars:
Dithmenos
Okawaru
Trog


Innate Abilities, Weirdness & Mutations

You are too large for most types of armour.
You have claws for hands.
Your metabolism is lightning-fast.
You like to eat raw meat.
You heal very quickly.
You are covered in fur (AC +1).
You have very tough skin (AC +2).


Message History

* * * LOW HITPOINT WARNING * * *
The sheep closely misses you.
You mangle the sheep!!
You kill the sheep!
Okawaru accepts your kill. The sheep barely misses you.
You barely miss the sheep. The sheep misses you.
You claw the cyclops!
The cyclops is moderately wounded.
You scratch the cyclops but do no damage.
The cyclops is moderately wounded.
The sheep bites you.
* * * LOW HITPOINT WARNING * * *
The cyclops hits you!!
* * * LOW HITPOINT WARNING * * *
Drink which item? (? for menu, Esc to quit)
Okay, then.
You claw the cyclops!
The cyclops is moderately wounded.
The sheep completely misses you.
Drink which item? (? for menu, Esc to quit)
Okay, then.
Drink which item? (? for menu, Esc to quit)
It was a potion of heal wounds.
You feel much better.
The cyclops hits you but does no damage.
The sheep closely misses you.
You claw the cyclops! Your claw misses the cyclops.
The cyclops is heavily wounded.
The sheep misses you. The cyclops hits you!!
* * * LOW HITPOINT WARNING * * *
Drink which item? (? for menu, Esc to quit)
You feel much better. The sheep closely misses you.
Throwing (i - inventory):
n - a throwing net (quivered)
Press: ? - help, Shift-Dir - straight line, f - cyclops
Aim: a cyclops (heavily wounded)
You throw a throwing net. The throwing net hits the cyclops.
The cyclops is too large for the net to hold!
The cyclops is heavily wounded.
The cyclops hits you!!
You die...

#.#.#
#.#
#.#.#
#.
#.#.#
#...#
##.(#
#..#
#..#
#.(#
#.@#
#CY#
#..#
#...
#.##
#. ##


You could see a cyclops and a sheep.

Vanquished Creatures
  A phantom (D:5)
  A giant frog (D:6)
  A crimson imp (D:5)
  An orc priest (D:5)
  4 hounds
  A centaur skeleton (D:7)
  An iguana (D:7)
  A worker ant (D:6)
  A sheep (D:7)
  A hound skeleton (D:5)
  4 gnolls (D:3)
  5 adders
  2 shadow imps (D:5)
  3 oozes (D:2)
  2 giant geckos
  2 orcs (D:5)
  4 hobgoblins
  A kobold (D:3)
  A quokka (D:4)
  A bat (D:2)
  A giant newt (D:4)
  A goblin (D:3)
  A quokka skeleton (D:7)
41 creatures vanquished.

Notes
Turn   | Place    | Note
--------------------------------------------------------------
     0 | D:1      | Implojin the Troll Monk began the quest for the Orb.
     0 | D:1      | Reached XP level 1. HP: 22/22 MP: 0/0
    52 | D:2      | Reached XP level 2. HP: 26/29 MP: 1/1
   119 | D:3      | Reached skill level 5 in Unarmed Combat
   119 | D:3      | Reached XP level 3. HP: 36/36 MP: 2/2
   221 | D:2      | Reached XP level 4. HP: 44/44 MP: 3/3
   362 | D:5      | Entered Level 5 of the Dungeon
   420 | D:5      | Noticed a phantom
   441 | D:5      | Killed a phantom
   441 | D:5      | Reached skill level 6 in Unarmed Combat
   441 | D:5      | Reached XP level 5. HP: 50/50 MP: 4/4
   448 | D:5      | Found a shadowy altar of Dithmenos.
   468 | D:5      | Reached skill level 7 in Unarmed Combat
   540 | D:5      | Reached XP level 6. HP: 42/59 MP: 5/5
   562 | D:6      | Found a bloodstained altar of Trog.
   648 | D:6      | Reached skill level 8 in Unarmed Combat
   802 | D:7      | Found an iron altar of Okawaru.
   802 | D:7      | Found a staircase to the Ecumenical Temple.
   807 | D:7      | Became a worshipper of Warmaster Okawaru
   807 | D:7      | Reached * piety under Okawaru
   807 | D:7      | Reached ** piety under Okawaru
   816 | D:7      | Reached skill level 3 in Fighting
   839 | D:7      | Reached XP level 7. HP: 67/67 MP: 6/6
   947 | D:7      | Noticed a cyclops
   962 | D:7      | Slain by a cyclops

Action                   |  1- 3 |  4- 6 |  7- 9 || total
-------------------------+-------+-------+-------++-------
Melee: Unarmed           |    43 |    71 |    18 ||   132
Throw: Throwing net      |       |       |     1 ||     1
Invok: Heroism           |       |       |     1 ||     1
  Use: Potion            |       |       |     2 ||     2
 Stab: Sleeping          |       |     1 |       ||     1
  Eat: Chunk             |     7 |     5 |     2 ||    14

Table legend:
 A = Turns spent in this place as a percentage of turns spent in the entire game.
 B = Non-inter-level travel turns spent in this place as a percentage of non-inter-level travel turns spent in the entire game.
 C = Inter-level travel turns spent in this place as a percentage of turns spent in this place.
 D = Turns resting spent in this place as a percentage of non-inter-level travel turns spent in this place.
 E = Turns spent auto-exploring this place as a percentage of non-inter-level travel turns spent in this place.
 F = Non-inter-level travel turns spent in this place divided by the number of levels of this place that you've seen.
                   A       B       C       D       E      F
               +-------+-------+-------+-------+-------+----------------------
         Total | 100.0 | 100.0 |   0.0 |   0.0 |   0.0 | 131.7
       Dungeon | 100.0 | 100.0 |   0.0 |   0.0 |   0.0 | 131.7
               +-------+-------+-------+-------+-------+----------------------

Table legend:
 A = Kills in this place as a percentage of kills in entire the game.
 B = Kills by you in this place as a percentage of kills by you in the entire game.
 C = Kills by friends in this place as a percentage of kills by friends in the entire game.
 D = Other kills in this place as a percentage of other kills in the entire game.
 E = Experience gained in this place as a percentage of experience gained in the entire game.
 F = Experience gained in this place divided by the number of levels of this place that you have seen.
                   A       B       C       D       E      F
               +-------+-------+-------+-------+-------+----------------------
         Total | 100.0 | 100.0 |  -nan |  -nan | 100.0 | 118.0
       Dungeon | 100.0 | 100.0 |  -nan |  -nan | 100.0 | 118.0
               +-------+-------+-------+-------+-------+----------------------
